 Dungeon Crawl Stone Soup version 0.20-a0-309-gcba9277 (webtiles) character file.

501 RogueShenanigans the Conjurer (level 6, -3/32 HPs)
             Began as a Deep Elf Conjurer on Dec 18, 2016.
             Shot with an arrow by a centaur (8 damage)
             ... on level 5 of the Dungeon.
             The game lasted 00:13:10 (4793 turns).

RogueShenanigans the Conjurer (Deep Elf Conjurer)   Turns: 4793, Time: 00:13:10

Health: -3/32      AC:  3    Str:  5    XL:     6   Next: 95%
Magic:  17/17      EV: 13    Int: 22    God:
Gold:   208        SH:  0    Dex: 15    Spells: 5/17 levels left

rFire  . . .     SeeInvis .     h - +2 dagger (elec)
rCold  . . .     Gourm    .     a - +1 robe
rNeg   + . .     Faith    .     (no shield)
rPois  .         Spirit   .     (no helmet)
rElec  .         Reflect  .     (no cloak)
rCorr  .         Harm     .     (no gloves)
MR     .....                    (no boots)
Stlth  ++........               (no amulet)
                                (no ring)
                                t - ring of positive energy

@: no status effects
A: no striking features
a: no special abilities


You were on level 5 of the Dungeon.
You were not hungry.

You visited 1 branch of the dungeon, and saw 5 of its levels.

You collected 208 gold pieces.

Inventory:

Hand Weapons
 h - a +2 dagger of electrocution (weapon)
 m - a +1 dagger
Missiles
 r - 2 throwing nets (quivered)
Armour
 a - a +1 robe (worn)
 v - a +0 helmet
Jewellery
 t - a ring of positive energy (left hand)
Wands
 p - a wand of digging (8/24)
 y - a wand of disintegration (8/24)
Scrolls
 e - 7 scrolls of remove curse
 g - a scroll of recharging
 n - a scroll of enchant armour
 s - 2 scrolls of teleportation
 x - a scroll of identify
Potions
 d - 3 potions of brilliance
 f - a potion of invisibility
 i - a potion of might {unknown}
 j - a potion of berserk rage {unknown}
 k - 2 potions of curing
 o - a potion of flight
 w - a potion of lignification {unknown}
Books
 b - a book of Conjurations

   Spells                             Type                      Level
   a - Magic Dart                     Conjuration                  1
   b - Searing Ray                    Conjuration                  2
   c - Dazzling Spray                 Conjuration/Hexes            3
   d - Fulminant Prism                Conjuration/Hexes            4
   e - Iskenderun's Mystic Blast      Conjuration                  4
   f - Iskenderun's Battlesphere      Conjuration/Charms           5
Comestibles
 c - 5 bread rations
 l - a meat ration
 q - 2 slices of pizza
 u - 2 chunks of flesh
 z - a beef jerky


   Skills:
 - Level 2.4 Dodging
 - Level 2.4 Stealth
 + Level 6.1 Spellcasting
 + Level 6.9 Conjurations
 * Level 4.9 Charms


You had 5 spell levels left.
You knew the following spells:

 Your Spells              Type           Power        Failure   Level  Hunger
a - Magic Dart            Conj           ####         1%          1    None
b - Searing Ray           Conj           #####.       1%          2    None
c - Iskenderun's Mystic   Conj           #####...     8%          4    ###....
d - Iskenderun's Battles  Conj/Chrm      ####....     28%         5    #####..


Dungeon Overview and Level Annotations

Branches:
Dungeon (5/15)
 Temple: D:4-7

Altars:
Cheibriados

Portals:
Sewer: D:5

Annotations:
D:3 Nattefrost's ghost, amateur HOAK
D:4 gamerape's ghost, novice VSAs


Message History

Casting: Magic Dart
Confirm with . or Enter, or press ? or * to list all spells.
Aiming: Magic Dart
Press: ? - help, Shift-Dir - straight line, f - centaur
Aim: a centaur, wielding a shortbow
Okay, then.
The centaur shoots an arrow.
The arrow hits you!
You see here an arrow.
The centaur shoots an arrow.
The arrow closely misses you.
You see here an arrow.
The centaur shoots an arrow.
The arrow barely misses you.
The centaur shoots an arrow.
The arrow barely misses you.
You hear the rusting of a drain nearby.
The centaur shoots an arrow.
The arrow hits you!
* * * LOW HITPOINT WARNING * * *
The centaur shoots an arrow.
The arrow misses you.
There is a stone staircase leading down here.
You see here an arrow.
The centaur shoots an arrow.
The arrow hits you!
You die...

## #.
#######################.
#.......................
#.################....#. #.#
#.##.#. #.# #.##.#.
######.######### #.##.#.
.........(c..@..# #.##.#.
#######.#.##.##.# #.##.#.
#.#.##.##.# #.##.#.
...##.#c...##.# #.##.#.
...c...(#...#.#### #.##.#.
......#.##...###.#####.##.#.
......#..#≈≈≈#..............
.....##.##≈†≈#.#.#.###.##.##
..... #.##≈≈≈#.#...###.##.#


You could see a centaur.

Vanquished Creatures
  A hungry ghost (D:4)
  A hound (D:4)
  An orc priest (D:3)
  2 orc wizards
  Terence (D:3)
  2 worker ants (D:4)
  A howler monkey skeleton (D:4)
  7 adders
  An ooze (D:4)
  3 worms
  4 leopard geckos
  9 orcs
  2 ball pythons
  3 bats
  6 giant cockroaches
  12 goblins
  10 hobgoblins
  3 jackals
  7 frilled lizards
  A jackal skeleton (D:4)
  8 kobolds
  A quokka skeleton (D:4)
  4 rats
90 creatures vanquished.

Notes
Turn   | Place    | Note
-------+----------+-------------------------------------------
     0 | D:1      | RogueShenanigans the Deep Elf Conjurer began the quest for the Orb.
     0 | D:1      | Reached XP level 1. HP: 10/10 MP: 6/6
   185 | D:1      | Reached XP level 2. HP: 15/15 MP: 5/8
   518 | D:1      | Learned a level 2 spell: Searing Ray
  1035 | D:2      | Reached skill level 5 in Conjurations
  1135 | D:2      | Reached XP level 3. HP: 19/19 MP: 3/10
  1668 | D:3      | Noticed Terence
  1677 | D:3      | Killed Terence
  1677 | D:3      | Reached XP level 4. HP: 24/24 MP: 8/12
  1717 | D:3      | Noticed Nattefrost's ghost (amateur HOAK)
  2770 | D:3      | Reached XP level 5. HP: 22/28 MP: 9/14
  2778 | D:3      | Reached skill level 5 in Spellcasting
  2997 | D:3      | Learned a level 4 spell: Iskenderun's Mystic Blast
  3092 | D:2      | Learned a level 5 spell: Iskenderun's Battlesphere
  3310 | D:4      | Reached skill level 1 in Charms
  3400 | D:4      | Noticed a hungry ghost
  3479 | D:4      | Killed a hungry ghost
  3479 | D:4      | Reached XP level 6. HP: 19/32 MP: 0/16
  3828 | D:4      | Noticed gamerape's ghost (novice VSAs)
  4443 | D:4      | Found a snail-covered altar of Cheibriados.
  4588 | D:5      | Entered Level 5 of the Dungeon
  4664 | D:5      | Found a glowing drain.
  4793 | D:5      | Shot with an arrow by a centaur

Vault maps used:
D:1:      dpeg_arrival_water_temple_mockup, serial_forest,
          infiniplex_forest_end_2, infiniplex_forest_corner_2,
          infiniplex_forest_clump_double, infiniplex_forest_corner_1,
          lemuel_another_geyser
D:3:      minmay_goblin_outpost, uniq_terence
D:4:      cheibriados_altar_1, serial_corexii_hall, corexii_hall_statues_l,
          corexii_hall_statues_i, corexii_hall_statues_s, first_bread,
          wad_rectangle_vault
D:5:      portal_sewer_entry_f

Skill      XL: |  1  2  3  4  5  6 |
---------------+-------------------+-----
Conjurations   | 5 6 |  6.9
Spellcasting   | 4 5 6 |  6.1
Charms         | 3 4 |  4.9
Dodging        | |  2.4
Stealth        | |  2.4

Action                   |  1- 3 |  4- 6 || total
-------------------------+-------+-------++-------
Melee: Dagger            |       |     2 ||     2
 Cast: Magic Dart        |    47 |   131 ||   178
       Searing Ray       |     3 |     8 ||    11
       Iskenderun's Myst |       |     4 ||     4
  Use: Scroll            |     5 |     9 ||    14
  Eat: Chunk             |     1 |     7 ||     8
       Bread ration      |       |     1 ||     1
       Royal jelly       |       |     1 ||     1
       Beef jerky        |       |     1 ||     1
Armor: Robe              |     1 |     6 ||     7
Dodge: Dodged            |       |    24 ||    24
